 Dungeon Crawl Stone Soup version 0.19-a0-611-gb5a7e8d (webtiles) character file.

96 HarleyM the Cudgeler (level 4, -1/48 HPs)
             Began as an Ogre Berserker on June 12, 2016.
             Was a Believer of Trog.
             Succumbed to Sigmund's poison
             ... on level 2 of the Dungeon.
             The game lasted 00:03:27 (1253 turns).

HarleyM the Cudgeler (Ogre Berserker)               Turns: 1253, Time: 00:03:28

Health: -1/48      AC:  3    Str: 22    XL:     4   Next: 67%
Magic:  4/4        EV: 10    Int:  8    God:    Trog [**....]
Gold:   85         SH:  0    Dex: 10    Spells: 0 memorised, 3 levels left

rFire  . . .     SeeInvis .     a - +0 mace
rCold  . . .     Gourm    .     b - +0 animal skin
rNeg   . . .     Faith    .     (no shield)
rPois  .         Spirit   .     (helmet restricted)
rElec  .         Dismiss  .     (no cloak)
rCorr  .         Reflect  .     (gloves unavailable)
SustAt .         Harm     .     (boots unavailable)
MR     .....                    d - amulet of regeneration
Stlth  +.........               (no ring)
                                l - +2 ring of intelligence

@: confused, lethally poisoned (-1 -> -15), exhausted, slowed, very slow, not
resistant to hostile enchantments, very unstealthy
A: unfitting armour, tough skin 1
a: Berserk, Trog's Hand, Burn Spellbooks, Renounce Religion


You were on level 2 of the Dungeon.
You worshipped Trog.
Trog was pleased with you.
You were very hungry.

You visited 1 branch of the dungeon, and saw 2 of its levels.

You collected 85 gold pieces.

Inventory:

Hand Weapons
 a - a +0 mace (weapon)
 m - a +0 whip
 n - a +0 flail
 p - a +0 halberd
Missiles
 o - 2 throwing nets (quivered)
Armour
 b - a +0 animal skin (worn)
Jewellery
 d - an amulet of regeneration (around neck)
 l - a +2 ring of intelligence (left hand)
Scrolls
 e - a scroll of identify {unknown}
 g - 3 scrolls of remove curse {unknown}
 h - a scroll of noise {unknown}
 k - a scroll of enchant weapon {unknown}
Potions
 i - a potion of degeneration {unknown}
Comestibles
 c - a bread ration
 f - a meat ration


   Skills:
 - Level 4.1 Fighting
 + Level 6.8 Maces & Flails
 - Level 2.8 Dodging


You had 3 spell levels left.
You didn't know any spells.

Dungeon Overview and Level Annotations

Branches:
Dungeon (2/15)

Altars:

Annotations:
D:2 Sigmund


Innate Abilities, Weirdness & Mutations

You are too large for most types of armour.
You have tough skin. (AC +1)


Message History

You feel less confused.
You feel very sick.
You hear a bark!
Sigmund hits you from afar with a scythe of venom!
You are lethally poisoned!
* * * LOW HITPOINT WARNING * * *
You feel very sick. Sigmund gestures at you while chanting.
You are confused.
* * * LOW HITPOINT WARNING * * *
You feel very sick.
You bump into the rock wall.
* * * LOW HITPOINT WARNING * * *
You feel very sick. Sigmund barely misses you.
You bump into the rock wall.
* * * LOW HITPOINT WARNING * * *
You feel very sick. Sigmund barely misses you.
You die...

..........8....######........<.#
.>..##[..8.8........#..........#
.#..##..8._.8..####............#
.#...#...8.8..## ##........(..##
.#.#......8...# #...#####.....
.#..#.........# ###....##.....
.#............# ####..).....
.#....######.##### ####.....
<......# #..@.@## #...>.
.....#.# #.###.<# #.....
.##......###.####....# #.....
.#####......@.# ###...# #.....
.. ##..#.......@...... ###... ##
##..)..%######. .. ... ##.$...#
$ ##....# #.(..#


You could see Sigmund.

Vanquished Creatures
  6 gnolls (D:2)
  2 worms (D:2)
  A dart slug (D:1)
  2 giant cockroaches
  5 goblins
  3 hobgoblins
  4 jackals (D:1)
  2 kobolds (D:1)
  A quokka (D:2)
  2 bats (D:1)
  3 giant newts (D:2)
  2 rats
33 creatures vanquished.

Notes
Turn   | Place    | Note
--------------------------------------------------------------
     0 | D:1      | HarleyM the Ogre Berserker began the quest for the Orb.
     0 | D:1      | Reached XP level 1. HP: 24/24 MP: 1/1
   232 | D:1      | Reached XP level 2. HP: 30/32 MP: 2/2
   749 | D:1      | Reached skill level 5 in Maces & Flails
   830 | D:2      | Found a faded altar of an unknown god.
   897 | D:2      | Reached XP level 3. HP: 39/39 MP: 3/3
   902 | D:2      | Reached ** piety under Trog
   980 | D:2      | Reached skill level 6 in Maces & Flails
   983 | D:2      | Reached XP level 4. HP: 48/48 MP: 4/4
  1234 | D:2      | Noticed Sigmund
  1252 | D:2      | HP: 2/48 [poisoned by Sigmund]
  1253 | D:2      | Succumbed to Sigmund's poison

Vault maps used:
D:1:      lemuel_arrival_behind_the_door_large
D:2:      ecumenical_altar_2, uniq_sigmund

Skill      XL: |  1  2  3 |
---------------+----------+-----
Maces & Flails | 5 6 |  6.8
Fighting       | |  4.1
Dodging        | |  2.8

Action                   |  1- 3 |  4- 6 || total
-------------------------+-------+-------++-------
Melee: Mace              |    89 |    17 ||   106
Invok: Berserk           |       |     1 ||     1
  Eat: Chunk             |       |     1 ||     1
Armor: Animal skin       |    24 |       ||    24
Dodge: Dodged            |    49 |     8 ||    57
